 Dungeon Crawl Stone Soup version 0.30-a0-972-gf3ab3527aa (webtiles) character file.

Game seed: 11272575968258293275

123 vishdafish the Conjurer (level 4, -3/30 HPs)
             Began as a Demonspawn Conjurer on Mar 31, 2023.
             Slain by an orc
             ... wielding a +0 war axe
              (7 damage)
             ... on level 3 of the Dungeon.
             The game lasted 00:02:21 (2018 turns).

vishdafish the Conjurer (Demonspawn Conjurer)       Turns: 2018, Time: 00:02:22

Health: -3/30      AC:  2    Str:  8    XL:     4   Next: 79%
Magic:  8/9        EV: 12    Int: 21    God:
Gold:   72         SH:  0    Dex: 11    Spells: 9/10 levels left

rFire   . . .      SeeInvis .    l - +0 whip
rCold   . . .      Faith    .    (no shield)
rNeg    . . .      Spirit   .    a - +0 robe
rPois   .          Reflect  .    (helmet restricted)
rElec   .          Rampage  .    (no cloak)
rCorr   +                        (no gloves)
Will    .....                    (no boots)
Stlth   ++                       (no amulet)
HPRegen 0.25/turn                g - ring of resist corrosion
MPRegen 0.11/turn                (no ring)

@: very slightly contaminated
A: antennae 2
a: no special abilities


You were on level 3 of the Dungeon.
You visited 1 branch of the dungeon, and saw 3 of its levels.

You collected 72 gold pieces.

Inventory:

Hand Weapons
 l - a +0 whip (weapon)
Armour
 a - a +0 robe (worn)
Jewellery
 g - a ring of resist corrosion (left hand)
 p - a +4 ring of protection
Scrolls
 d - a scroll of fear {unknown}
 e - 5 scrolls of teleportation {unknown}
 f - a scroll of enchant armour {unknown}
 j - a scroll of immolation {unknown}
 k - 2 scrolls of noise {unknown}
 n - a scroll of identify {unknown}
Potions
 b - a potion of magic
 c - a potion of might {unknown}
 h - 2 potions of mutation {unknown}
 i - a potion of brilliance {unknown}
 m - a potion of curing {unknown}
 o - a potion of attraction {unknown}


   Skills:
 - Level 1.7 Dodging
 - Level 1.7 Stealth
 + Level 3.5 Spellcasting
 + Level 5.2 Conjurations


You had 9 spell levels left.
You knew the following spells:

 Your Spells              Type           Power      Damage    Failure   Level
a - Magic Dart            Conj           100%       1d8       1%          1

Your spell library contained the following spells:

 Spells                   Type           Power      Damage    Failure   Level
 Searing Ray              Conj           50%        2d6       2%          2
 Dazzling Flash           Conj/Hex       28%        N/A       13%         3
 Fulminant Prism          Conj/Hex       7%         3d7       38%         4
 Iskenderun's Mystic Bla  Conj/Tloc      14%        2d5       38%         4


Dungeon Overview and Level Annotations

Branches:
Dungeon (3/15)

Altars:


Innate Abilities, Weirdness & Mutations

You have a pair of antennae on your head.


Message History

You are too injured to fight recklessly!
Aiming: Magic Dart (safe; 1% risk of failure)
Press: ? - help, Q - select action Shift-Dir - straight line, f/p - orc wizard
Aim: an orc wizard, wielding a +0 dagger and wearing a +0 robe (almost dead, 100% to hit)
The magic dart hits the orc wizard.
You kill the orc wizard!
Aiming: Magic Dart (safe; 1% risk of failure)
Press: ? - help, Q - select action Shift-Dir - straight line, f - orc
Aim: an orc, wielding a +0 flail and wearing a +0 leather armour (100% to hit)
The magic dart hits the orc.
The orc is severely wounded.
The orc hits you with a +0 flail.
Unknown command.
Aiming: Magic Dart (safe; 1% risk of failure)
Press: ? - help, Q - select action Shift-Dir - straight line, f/p - orc
Aim: an orc, wielding a +0 flail and wearing a +0 leather armour (severely wounded, 100% to hit)
The magic dart hits the orc.
You kill the orc!
Aiming: Magic Dart (safe; 1% risk of failure)
Press: ? - help, Q - select action Shift-Dir - straight line, f - orc
Aim: an orc, wielding a +0 war axe (100% to hit)
The magic dart hits the orc.
The orc is heavily wounded.
The orc closely misses you.
Aiming: Magic Dart (safe; 1% risk of failure)
Press: ? - help, Q - select action Shift-Dir - straight line, f/p - orc
Aim: an orc, wielding a +0 war axe (heavily wounded, 100% to hit)
You miscast Magic Dart.
You are very lightly contaminated with residual magic.
Nothing appears to happen.
The orc hits you with a +0 war axe!
* * * LOW HITPOINT WARNING * * *
Magic courses through your body. The orc closely misses you.
Aiming: Magic Dart (safe; 1% risk of failure)
Press: ? - help, Q - select action Shift-Dir - straight line, f/p - orc
Aim: an orc, wielding a +0 war axe (heavily wounded, 100% to hit)
The magic dart hits the orc.
The orc is almost dead.
The orc hits you with a +0 war axe!
You die...

#.# ... #.# #..
#†# #.# #.## #.#
#..## # #.# #
##.#.## #.##.##.#
##..##.##
#.......#
#.#g.##.## # #@#
######.#......
###.##o#
#.........###.
#...{oS#
#.######{## #.
.S...##.# #.# #.#
#. .#.# #.# #.#
#.####. # #.###.##
#..{...
#.##...##########.
#....#............
####..)##########{


You could see 2 orcs and a ball python.

Vanquished Creatures
  An orc wizard (D:3)
  Robin (D:3)
  3 adders
  A worm (D:2)
  A dart slug (D:1)
  An orc (D:3)
  3 ball pythons (D:1)
  An endoplasm (D:1)
  2 giant cockroaches
  12 goblins
  6 hobgoblins
  7 jackals
  2 quokkas
  4 bats
  A frilled lizard (D:2)
  3 rats
49 creatures vanquished.

Notes
Turn   | Place    | Note
-------+----------+-------------------------------------------
     0 | D:1      | vishdafish the Demonspawn Conjurer began the quest for the
                  | Orb.
     0 | D:1      | Reached XP level 1. HP: 13/13 MP: 3/3
   557 | D:2      | Gained mutation: You have a pair of small antennae on your
                  | head. [demonic ancestry]
   557 | D:2      | Reached XP level 2. HP: 18/19 MP: 1/5
   964 | D:1      | Gained mutation: You have a pair of antennae on your head.
                  | [demonic ancestry]
   964 | D:1      | Reached XP level 3. HP: 24/24 MP: 4/7
  1759 | D:3      | Reached XP level 4. HP: 14/30 MP: 0/8
  1880 | D:3      | Noticed Robin
  1882 | D:3      | Reached skill level 5 in Conjurations
  1916 | D:3      | Killed Robin
  2018 | D:3      | Slain by an orc

Illustrated notes

Levels and vault maps discovered:
D:1:      dpeg_arrival_rooms_c, layout_basic, minmay_hexomino_f4
D:2:      layout_loops_cross
D:3:      layout_loops_ring, gammafunk_ghost_gnarly_gnolls, uniq_robin

Skill      XL: |  1  2  3  4 |
---------------+-------------+-----
Spellcasting   | 3 |  3.5
Conjurations   | 5 |  5.2
Dodging        | |  1.7
Stealth        | |  1.7

Action                     |  1- 3 |  4- 6 || total
---------------------------+-------+-------++-------
  Melee: Unarmed           |    32 |       ||    32
         Whip              |    32 |     3 ||    35
   Cast: Magic Dart        |    70 |    25 ||    95
    Use: Potion            |       |     1 ||     1
 Armour: Robe              |    17 |       ||    17
  Dodge: Dodged            |    55 |     4 ||    59

Table legend: (Time is in decaauts)
 A = Elapsed time spent in this place.
 B = Non-inter-level travel time spent in this place.
 C = Inter-level travel time spent in this place.
 D = Time resting spent in this place.
 E = Time spent auto-exploring this place.
 F = Levels seen in this place.
 G = Mean time per level.
                   A        B        C        D        E       F      G
               +--------+--------+--------+--------+--------+-----+--------+
         Total |   2022 |   1964 |     58 |     48 |   1610 |   3 |  674.0 |
       Dungeon |   2022 |   1964 |     58 |     48 |   1610 |   3 |  674.0 |
               +--------+--------+--------+--------+--------+-----+--------+

Top non-repeatable levels by time:
     D:2: 952 daAuts
     D:1: 775 daAuts
     D:3: 293 daAuts
